 Dungeon Sprint DCSS version 0.28-a0-258-g8de209e91f (webtiles) character file.

Game seed: 3632254182704795909

157 nicanaca0 the Slicer (level 5, -3/38 HPs)
             Began as a Djinni Gladiator on Aug 26, 2021.
             Was an Initiate of Gozag.
             Slain by a gnoll sergeant (4 damage)
             ... in the Dungeon (Sprint IX: "|||||||||||||||||||||||||||||").
             The game lasted 00:02:49 (305 turns).

nicanaca0 the Slicer (Djinni Gladiator)              Turns: 305, Time: 00:02:50

Health: -3/38      AC:  5    Str: 13    XL:     5   Next: 66%
Gold:   0          EV: 13    Int: 13    God:    Gozag SH:  0 Dex: 18

rFire   + + .      SeeInvis .   l - +2 rapier (drain)
rCold   x . .      Faith    .   (no shield)
rNeg    . . .      Spirit   .   b - +0 leather armour
rPois   ∞          Reflect  .   m - +0 helmet
rElec   .          Harm     .   n - +0 cloak
rCorr   .          Rampage  .   (no gloves)
Will    .....      NoTele   +   (boots unavailable)
Stlth   +.........              (no amulet)
HPRegen 0.12/turn               o - +3 ring of dexterity
MPRegen 0.00/turn               p - +3 ring of intelligence

@: flying
A: sickness immunity, fire resistance 2, cold vulnerability 1, float, innate
caster, hp casting, extra vitality 1
a: Renounce Religion, Potion Petition, Call Merchant, Bribe Branch


You were in the Dungeon.
You worshipped Gozag.
Gozag was noncommittal.
You visited 1 branch

Inventory:

Hand Weapons
 a - a +0 rapier
 l - a +2 rapier of draining (weapon)
Missiles
 d - 3 throwing nets (quivered)
 j - 4 stones
Armour
 b - a +0 leather armour (worn)
 c - a +0 helmet
 m - a +0 helmet (worn)
 n - a +0 cloak (worn)
Jewellery
 o - a +3 ring of dexterity (left hand)
 p - a +3 ring of intelligence (right hand)
Wands
 k - a wand of acid (8)
Scrolls
 i - 2 scrolls of blinking
Potions
 e - 5 potions of curing {@q1}
 f - 3 potions of heal wounds {@q2}
 g - a potion of haste
 h - a potion of invisibility


   Skills:
 + Level 2.0 Fighting
 * Level 8.3 Short Blades
 - Level 1.5 Throwing
 - Level 3.2 Dodging
 + Level 0.0 Stealth
 - Level 4.4 Spellcasting


You had 9 spell levels left.
You knew the following spells:

 Your Spells              Type           Power      Damage    Failure   Level
a - Summon Small Mammal   Summ           56%        N/A       4%          1
b - Blink                 Tloc           N/A        N/A       6%          2
Your spell library was empty.

Dungeon Overview and Level Annotations

Branches:
Dungeon (1/1)

Altars:
Cheibriados
Dithmenos
Elyvilon
Fedhas
Gozag
Hepliaklqana
Kikubaaqudgha
Makhleb
Nemelex Xobeh
Okawaru
Qazlal
Ru
Sif Muna
Trog
Uskayaw
Vehumet
Wu Jian
Xom
Yredelemnul
Zin
The Shining One
Beogh
Jiyva
Lugonu


Innate Abilities, Weirdness & Mutations

You are immune to sickness and miasma.
You are immune to poison.
Your flesh is very heat resistant. (rF++)
You are vulnerable to cold. (rC-)
You float through the air rather than walking.
You learn spells naturally, not from books.
Your magical power is your life essence.
You have superior vitality. (+4 HP)


Message History

You don't know that spell.
Aiming: Corrosive Bolt
Press: ? - help, Shift-Dir - straight line, f - acid dragon
Aim: an acid dragon (71% to hit)
The bolt of acid hits the troll!
The acid corrodes the troll!
The troll is moderately wounded.
The bolt of acid hits the gnoll sergeant.
The acid corrodes the gnoll sergeant!
The gnoll sergeant is lightly wounded.
The bolt of acid hits the orc warrior!
The orc warrior is heavily wounded.
The orc warrior shouts!
The bolt of acid hits the acid dragon.
The acid dragon is lightly wounded.
Aiming: Corrosive Bolt
Press: ? - help, Shift-Dir - straight line, f/p - acid dragon
Aim: an acid dragon (lightly wounded, 71% to hit)
The bolt of acid hits the troll!
The troll seems to be corroded for longer.
The troll is severely wounded.
The bolt of acid hits the gnoll sergeant!
The gnoll sergeant is almost dead.
The bolt of acid hits the orc warrior.
The acid corrodes the orc warrior!
The orc warrior is heavily wounded.
The bolt of acid hits the acid dragon.
The acid dragon is moderately wounded.
The troll bites you! The troll claws you. The troll claws you!
* * * LOW HITPOINT WARNING * * *
You closely miss the troll.
The troll is heavily wounded.
The gnoll sergeant closely misses you. The troll closely misses you. x2
The troll claws you!
* * * LOW HITPOINT WARNING * * *
Cast which spell? (? or * to list)
You don't have enough health to cast this spell.
Cast which spell? (? or * to list)
* * * LOW HITPOINT WARNING * * *
The gnoll sergeant hits you from afar with a +0 spear.
You die...
Your body crumbles into a pile of gold. $$$$$$ $$$$$ $ $ $ $$$$$ $ ▓▓▓▓▓▓▓▓▓▓▓▓▓▓▓▓▓▓▓▓▓▓▓▓ _______'!?)...[r@TgoDYZ. ▓▓▓▓▓▓▓▓▓▓▓▓▓▓▓▓▓▓▓▓▓▓▓▓

You could see a yak, a troll (corroded, ally target), an orc warrior (corroded), an acid dragon, a gnoll sergeant (corroded), a bat zombie and a friendly rat (summoned).

Vanquished Creatures
  A necrophage (D)
  A scorpion (D)
  A bat zombie (D)
  An endoplasm (D)
  A goblin (D)
  A kobold (D)
  A quokka (D)
  2 ball python skeletons (D)
  A bat (D)
10 creatures vanquished.

Notes
Turn   | Place    | Note
-------+----------+-------------------------------------------
     0 | D        | nicanaca0 the Djinni Gladiator began the quest for the Orb.
     0 | D        | Reached XP level 1. HP: 18/18 MP: 0/0
     6 | D        | Reached skill level 3 in Short Blades
    15 | D        | Reached skill level 1 in Spellcasting
    23 | D        | Reached XP level 2. HP: 23/23 MP: 0/0
    30 | D        | Noticed a scorpion
    30 | D        | Noticed a necrophage
    34 | D        | Reached skill level 4 in Short Blades
    45 | D        | Killed a scorpion
    46 | D        | Reached skill level 6 in Short Blades
    46 | D        | Reached XP level 3. HP: 23/28 MP: 0/0
    46 | D        | Learned a level 1 spell: Summon Small Mammal
    46 | D        | Reached XP level 4. HP: 27/33 MP: 0/0
    52 | D        | Killed a necrophage
    53 | D        | Reached skill level 8 in Short Blades
    53 | D        | Reached XP level 5. HP: 15/38 MP: 0/0
    53 | D        | Learned a level 2 spell: Blink
   239 | D        | Found a snail-covered altar of Cheibriados.
   239 | D        | Found a shadowy altar of Dithmenos.
   239 | D        | Found a white marble altar of Elyvilon.
   239 | D        | Found a blossoming altar of Fedhas.
   239 | D        | Found an opulent altar of Gozag.
   240 | D        | Found a hazy altar of Hepliaklqana.
   241 | D        | Found a viscous altar of Jiyva.
   243 | D        | Found a corrupted altar of Lugonu.
   244 | D        | Found a burning altar of Makhleb.
   245 | D        | Found a sparkling altar of Nemelex Xobeh.
   246 | D        | Found an iron altar of Okawaru.
   247 | D        | Became a worshipper of Gozag Ym Sagoz the Greedy
   248 | D        | Found a stormy altar of Qazlal.
   249 | D        | Found a sacrificial altar of Ru.
   251 | D        | Found a bloodstained altar of Trog.
   252 | D        | Found a hide-covered altar of Uskayaw.
   254 | D        | Found an ornate altar of the Wu Jian Council.
   255 | D        | Found a shimmering altar of Xom.
   256 | D        | Found a basalt altar of Yredelemnul.
   257 | D        | Found a glowing silver altar of Zin.
   258 | D        | Found a glowing golden altar of the Shining One.
   301 | D        | Noticed a troll
   301 | D        | Noticed an orc warrior
   301 | D        | Noticed an acid dragon
   301 | D        | Noticed a yak
   305 | D        | Slain by a gnoll sergeant

Illustrated notes

Levels and vault maps discovered:
D:        linesprint [early_d, line_temple, items_1, d_10, items_2, lair_1,
          lair_end, items_3, orc_1, orc_end, items_4, d_15, swamp_1, shoals_1,
          snake_1, spider_1, d_20, vaults_1, items_5, swamp_end, shoals_end,
          snake_end, spider_end, vaults_end, d_27, items_6, zot_1, zot_end,
          crypt_end, forest_end, elf_end, slime_end, tomb_end, abyss_end,
          pan_hell_end]

Skill      XL: |  1  2  3  4 |
---------------+-------------+-----
Short Blades   | 3 6 8 |  8.3
Spellcasting   | 1 3 4 |  4.4
Fighting       | |  2.0
Throwing       | |  1.5
Dodging        | |  3.2

Action                   |  1- 3 |  4- 6 || total
-------------------------+-------+-------++-------
Melee: Rapier            |    33 |     8 ||    41
 Cast: Summon Small Mamm |       |     1 ||     1
Evoke: Wand              |       |     2 ||     2
  Use: Potion            |     1 |       ||     1
Armor: Leather armour    |     8 |     1 ||     9
Dodge: Dodged            |    19 |     7 ||    26

Table legend: (Time is in decaauts)
 A = Elapsed time spent in this place.
 B = Non-inter-level travel time spent in this place.
 C = Inter-level travel time spent in this place.
 D = Time resting spent in this place.
 E = Time spent auto-exploring this place.
 F = Levels seen in this place.
 G = Mean time per level.
                   A        B        C        D        E       F      G
               +--------+--------+--------+--------+--------+-----+--------+
         Total |    307 |    307 |      0 |    188 |     16 |   1 |  307.0 |
       Dungeon |    307 |    307 |      0 |    188 |     16 |   1 |  307.0 |
               +--------+--------+--------+--------+--------+-----+--------+

Top non-repeatable levels by time:
       D: 307 daAuts
